Map: Gresvan LE

Players

Inno - Winner!

  • Race: Terran Terran
  • League: Platinum
  • Spawn Location: 11:00

RockSteady

  • Race: Zerg Zerg
  • League: Platinum
  • Spawn Location: 5:00

VOD

Have the link to the VOD?

Description

Time

  • Played on: April 17, 2023, 1:26 p.m.
  • Length: 16:07
Show
View Real Time Build Order
Export as new Build Order

Inno Terran - Winner!

Build Orders:  

Get SALT Encoding   

  12  0:00  SCV  
  13  0:12  SCV  
  14  0:17  Supply Depot  
  14  0:26  SCV  
  15  0:39  SCV  
  15  0:41  Barracks  
  16  0:44  Refinery  
  16  0:51  SCV  
  17  1:03  SCV  
  18  1:05  Refinery  
  18  1:15  SCV  
  19  1:27  SCV  
  19  1:29  Reaper  
  21  1:34  Barracks  
  21  1:42  Orbital Command  
  21  1:59  Supply Depot  
  21  2:09  Factory  
  21  2:10  SCV  
  21  2:13  Reaper  
  23  2:22  Marine  
  24  2:45  SCV  
  25  2:55  Reaper x2  
  25  2:56  Hellion  
  29  3:06  Command Center  
  29  3:07  SCV  
  30  3:27  Reaper  
  31  3:33  Supply Depot  
  31  3:55  SCV, Hellion  
  34  3:59  Reaper  
  34  4:00  Supply Depot, Reaper  
  36  4:07  SCV  
  37  4:22  Hellion  
  37  4:32  Reaper  
  34  5:00  Reaper  
  34  5:01  SCV  
  34  5:04  Reaper  
  36  5:17  Hellion  
  33  5:38  Marine  
  33  5:39  Marine  
  35  5:45  Orbital Command  
  35  5:48  Factory Tech Lab, Bunker  
  35  5:53  Starport  
  35  5:54  Supply Depot  
  35  5:58  Command Center  
  35  6:00  SCV  
  36  6:07  Siege Tank  
  36  6:10  SCV  
  40  6:12  SCV  
  40  6:15  Barracks Tech Lab  
  41  6:22  SCV  
  41  6:24  SCV  
  41  6:25  Barracks Reactor  
  43  6:27  Supply Depot  
  43  6:29  Barracks  
  43  6:34  SCV  
  43  6:35  Marine  
  43  6:36  SCV  
  43  6:39  Supply Depot  
  46  6:41  Starport Reactor  
  46  6:46  SCV  
  47  6:47  Stimpack  
  47  6:48  SCV  
  47  6:51  Supply Depot  
  47  6:52  Marine  
  49  6:58  SCV  
  49  6:59  Siege Tank  
  49  7:00  SCV  
  54  7:10  Marine  
  55  7:36  Marine, SCV x2  
  55  7:37  Marine x2  
  58  7:38  Siege Tank  
  58  7:39  Liberator x2  
  69  7:48  SCV  
  69  7:54  Marine  
  70  8:07  Marine x2  
  70  8:10  Siege Tank, Barracks Reactor  
  70  8:11  Orbital Command  
  75  8:15  Supply Depot  
  75  8:22  Liberator x2  
  81  8:37  Supply Depot  
  81  8:45  Marine x4  
  81  8:47  Orbital Command  
  85  8:53  SCV x2  
  87  8:55  Refinery  
  87  8:58  Refinery  
  87  8:59  Supply Depot  
  87  9:03  Marine  
  87  9:04  Barracks  
  87  9:05  Medivac x2, Barracks  
  92  9:40  Marine x3  
  92  9:41  Marine x2  
  92  9:42  Siege Tank  
  92  9:43  Medivac  
  92  9:44  Medivac  
  100  9:58  Marine x2  
  102  10:14  Siege Tank  
  92  10:28  Marine x3  
  92  10:29  Marine x2  
  87  10:46  Siege Tank, Marine x3  
  76  11:18  Siege Tank  
  76  11:20  Liberator  
  76  11:21  Liberator  
  85  11:32  Marine x3  
  87  11:33  Marine x2  
  87  11:37  SCV  
  87  11:38  SCV  
  92  11:40  SCV  
  92  11:49  SCV  
  92  11:50  Siege Tank, Marine x3, SCV, Barracks Reactor x2  
  92  11:51  Marine x2  
  92  11:52  SCV  
  103  12:08  Marine x5  
  103  12:11  Supply Depot  
  105  12:24  Medivac  
  105  12:25  Marine x2, Medivac  
  105  12:26  Marine x3  
  114  12:30  Engineering Bay  
  114  12:32  Engineering Bay  
  114  12:33  Armory  
  114  12:37  Refinery  
  114  12:38  SCV x3  
  114  12:39  Refinery  
  114  12:42  Siege Tank  
  114  12:43  Marine x3  
  114  12:44  Marine x6, Command Center  
  124  12:50  SCV x3  
  132  12:54  Medivac  
  132  12:55  Medivac  
  136  13:01  Marine x4  
  136  13:02  SCV  
  141  13:09  Supply Depot  
  141  13:19  Marauder  
  140  13:31  Supply Depot  
  140  13:41  Marauder  
  115  13:57  Marine x3  
  115  13:58  Marine x5  
  115  14:02  Marauder  
  122  14:07  Siege Tank  
  125  14:10  Medivac x2  
  125  14:15  Marine x4  
  125  14:16  Marine x4  
  137  14:23  Marine  
  138  14:33  Marine x4  
  138  14:34  Marine x4  
  146  14:39  Siege Tank  
  146  14:40  Medivac x2  
  146  14:41  Marine  
  154  14:51  Marine x4  
  154  14:52  Marine x4  
  162  14:58  Marine  
  162  14:59  SCV x3  
  166  15:08  Marine  
  166  15:09  Marine, Medivac  
  166  15:10  Medivac  
  172  15:27  SCV  
  172  15:28  SCV  
  172  15:31  Marauder  
Show
View Real Time Build Order
Export as new Build Order

RockSteady Zerg 

Build Orders: Hatch First 

Get SALT Encoding   

  12  0:00  Drone  
  13  0:15  Overlord  
  13  0:16  Drone  
  14  0:34  Drone x2  
  16  0:48  Hatchery  
  15  0:52  Drone  
  16  1:01  Drone  
  17  1:09  Spawning Pool  
  16  1:12  Drone  
  16  1:18  Drone  
  18  1:22  Drone  
  19  1:28  Extractor  
  18  1:38  Drone  
  19  1:46  Drone  
  20  1:59  Drone  
  21  2:02  Overlord  
  21  2:04  Queen x2  
  25  2:20  Drone x3  
  28  2:29  Spine Crawler  
  27  2:49  Lair  
  27  2:50  Drone x5  
  27  2:51  Drone  
  33  2:54  Queen  
  35  3:01  Overlord  
  35  3:04  Drone  
  36  3:20  Drone x2  
  36  3:22  Zergling x4  
  40  3:33  Drone x4  
  44  3:38  Extractor  
  43  3:41  Extractor  
  42  3:58  Drone x2  
  42  4:01  Overlord x2  
  44  4:15  Roach Warren  
  43  4:18  Queen  
  44  4:24  Zergling x4  
  44  4:25  Drone x3  
  44  4:29  Drone  
  44  4:31  Spine Crawler  
  48  4:48  Drone x4  
  48  4:49  Drone x2  
  50  5:11  Roach x4  
  50  5:12  Hatchery, Roach  
  58  5:27  Drone x2  
  58  5:28  Drone x2  
  58  5:37  Drone  
  59  5:49  Overlord x2  
  59  6:00  Extractor  
  59  6:03  Zergling x2  
  59  6:06  Overlord x2  
  60  6:11  Drone x2  
  60  6:13  Drone  
  60  6:15  Glial Reconstitution  
  62  6:20  Evolution Chamber  
  62  6:22  Overseer  
  62  6:25  Evolution Chamber, Queen  
  61  6:27  Overseer  
  61  6:28  Overseer  
  61  6:31  Drone x4  
  61  6:32  Roach x2  
  70  6:46  Zerg Missile Weapons Level 1  
  70  6:48  Drone x3  
  70  6:51  Drone x3  
  70  6:52  Drone  
  77  6:57  Metabolic Boost  
  77  7:01  Queen  
  77  7:02  Baneling Nest  
  77  7:06  Spore Crawler x2  
  77  7:07  Queen  
  77  7:10  Spore Crawler  
  75  7:28  Roach x2  
  79  7:36  Queen  
  79  7:39  Roach  
  79  7:40  Roach x3  
  79  7:41  Zerg Ground Armor Level 1  
  79  7:42  Drone x3  
  92  7:46  Extractor  
  92  7:48  Extractor  
  90  7:56  Roach x2  
  90  7:57  Drone x2, Roach  
  98  8:17  Hydralisk Den  
  98  8:18  Drone  
  98  8:19  Overlord x4  
  98  8:21  Overlord x2  
  98  8:40  Spore Crawler  
  97  8:41  Drone  
  97  8:42  Drone  
  97  8:43  Drone x3  
  97  8:44  Centrifugal Hooks  
  97  8:47  Drone x3  
  105  8:48  Drone x3  
  105  8:53  Roach x5  
  105  8:54  Roach  
  120  8:56  Overseer  
  120  9:12  Hatchery  
  117  9:36  Hydralisk x6  
  119  9:54  Hydralisk x2  
  119  9:55  Hydralisk, Roach x3  
  131  10:04  Ravager  
  132  10:18  Hatchery  
  114  10:38  Roach x9  
  88  11:12  Roach x6  
  88  11:15  Roach x3  
  100  11:21  Queen  
  102  11:25  Grooved Spines  
  102  11:27  Roach x3  
  108  11:36  Hatchery  
  107  12:02  Hydralisk x2, Roach x11  
  107  12:03  Roach  
  135  12:15  Drone x4  
  136  12:16  Infestation Pit, Drone x2  
  136  12:17  Queen  
  136  12:19  Extractor x2  
  136  12:21  Hydralisk  
  142  12:26  Spire, Zerg Missile Weapons Level 2  
  141  12:35  Drone x3  
  144  12:37  Muscular Augments  
  144  12:38  Overlord x3  
  144  12:43  Extractor  
  143  12:46  Zerg Ground Armor Level 2  
  143  12:49  Zergling x14  
  150  12:52  Overlord x3  
  150  12:53  Overlord x2  
  150  13:07  Pneumatized Carapace, Overlord x2  
  150  13:09  Overseer  
  150  13:11  Zergling x10  
  150  13:12  Zergling x4  
  143  13:30  Zergling x18  
  143  13:32  Baneling x2  
  143  13:33  Baneling x10  
  152  13:44  Roach x4  
  152  13:45  Roach  
  75  14:02  Roach  
  75  14:03  Roach x7  
  87  14:14  Zergling x6  
  88  14:18  Corruptor  
  88  14:19  Swarm Host  
  88  14:20  Zergling x2  
  88  14:21  Zergling x10  
  88  14:23  Hatchery  
  94  14:31  Corruptor  
  95  14:46  Baneling x6  
  95  14:47  Baneling  
  95  14:49  Zergling x6  
  95  14:50  Zergling x12  
  95  14:51  Zergling x4  
  95  14:52  Drone  
  107  15:01  Roach x2  
  106  15:08  Corruptor  
  99  15:19  Roach x5  
  109  15:29  Baneling x6  
Tags
 
Add a new tag
Caveats
  • Supply blocks, unpowered buildings, or Contaminate may cause inaccurate times.
  • Supply counts are checked every 10 seconds.